 Dungeon Crawl Stone Soup version 0.29-a0-330-g52719c12eb (webtiles) character file.

Game seed: 3719915511570677023

4 Iscandelvey the Vexing (level 1, 0/15 HPs)
             Began as a Demonspawn Arcane Marksman on Apr 22, 2022.
             Slain by a frilled lizard (2 damage)
             ... on level 1 of the Dungeon.
             The game lasted 00:00:26 (25 turns).

Iscandelvey the Vexing (Demonspawn Arcane Marksman)   Turns: 25, Time: 00:00:28

Health: 0/15       AC:  2    Str: 10    XL:     1   Next: 58%
Magic:  0/2        EV: 12    Int: 14    God:
Gold:   0          SH:  0    Dex: 13    Spells: 1/2 levels left

rFire   . . .      SeeInvis .   a - +0 hunting sling
rCold   . . .      Faith    .   (no shield)
rNeg    . . .      Spirit   .   b - +0 robe
rPois   .          Reflect  .   (no helmet)
rElec   .          Harm     .   (no cloak)
rCorr   .          Rampage  .   (no gloves)
Will    .....                   (no boots)
Stlth   +.........              (no amulet)
HPRegen 0.05/turn               (no ring)
MPRegen 0.08/turn               (no ring)

@: no status effects
A: no striking features
a: no special abilities


You were on level 1 of the Dungeon.
You visited 1 branch of the dungeon, and saw 1 of its levels.

Inventory:

Hand Weapons
 a - a +0 hunting sling (weapon)
Armour
 b - a +0 robe (worn)
Scrolls
 c - a scroll of vulnerability
 d - a scroll of identify {unknown}


   Skills:
 + Level 1.1 Fighting
 + Level 1.8 Slings
 + Level 1.8 Dodging
 + Level 1.1 Spellcasting
 + Level 3.0 Hexes


You had one spell level left.
You knew the following spells:

 Your Spells              Type           Power      Damage    Failure   Level
a - Slow                  Hex            36%        N/A       8%          1

Your spell library contained the following spells:

 Spells                   Type           Power      Damage    Failure   Level
 Inner Flame              Hex/Fire       5%         N/A       38%         3
 Portal Projectile        Hex/Tloc       10%        N/A       38%         3
 Cause Fear               Hex            4%         N/A       58%         4


Dungeon Overview and Level Annotations

Branches:
Dungeon (1/15)

Altars:

Annotations:
D:1 1 runed translucent door


Message History

Aim: a goblin, wielding a +0 club (severely wounded, slow, chance to affect: 64%)
The goblin seems to slow down.
The frilled lizard hisses angrily.
The kobold shouts!
You hear an angry hiss.
Fire: a) +0 hunting sling
Press: ? - help, Q - select action, (/) - cycle Shift-Dir - straight line, f/p - goblin
Aim: a goblin, wielding a +0 club (severely wounded, slow, 43% to hit)
You shoot a sling bullet. The sling bullet hits the goblin.
You kill the goblin!
Fire: a) +0 hunting sling
Press: ? - help, Q - select action, (/) - cycle Shift-Dir - straight line, f - rat
Aim: a rat (52% to hit)
You shoot a sling bullet. The sling bullet hits the rat.
You kill the rat!
The ball python misses you. The ball python grabs you.
The ball python constricts you.
Fire: a) +0 hunting sling
Press: ? - help, Q - select action, (/) - cycle Shift-Dir - straight line, f - ball python
Aim: a ball python (constricting you, 47% to hit)
You shoot a sling bullet.
The sling bullet hits the ball python but does no damage.
The ball python barely misses you. The ball python constricts you.
* * * LOW HITPOINT WARNING * * *
The ball python misses you. The ball python constricts you.
* * * LOW HITPOINT WARNING * * *
Fire: a) +0 hunting sling
Press: ? - help, Q - select action, (/) - cycle Shift-Dir - straight line, f/p - ball python
Aim: a ball python (constricting you, 47% to hit)
You shoot a sling bullet. The sling bullet hits the ball python.
You kill the ball python!
The frilled lizard bites you.
* * * LOW HITPOINT WARNING * * *
Fire: a) +0 hunting sling
Press: ? - help, Q - select action, (/) - cycle Shift-Dir - straight line, f - frilled lizard
Aim: a frilled lizard (29% to hit)
You shoot a sling bullet.
The sling bullet barely misses the frilled lizard.
The frilled lizard bites you.
You die...

..........
#........ .
#........ ##.#
......... #..
........#...
....†...#.#####
.......K.......
###l#######+###
#..⌠@..>...⌠..#
#......<......#
+⌠....###....⌠+
#.............#
#######+#######


#.JwJrBBh....J# #..rJhB....J.B# #.............# ############## You could see a
worm, 3 endoplasms, 2 jackals, 3 giant cockroaches, a kobold, a frilled lizard
and 2 rats.

Vanquished Creatures
  A ball python (D:1)
  A goblin (D:1)
  A hobgoblin (D:1)
  A rat (D:1)
4 creatures vanquished.

Notes
Turn   | Place    | Note
-------+----------+-------------------------------------------
     0 | D:1      | Iscandelvey the Demonspawn Arcane Marksman began the quest
                  | for the Orb.
     0 | D:1      | Reached XP level 1. HP: 15/15 MP: 2/2
     2 | D:1      | Found a runed translucent door.
    25 | D:1      | Slain by a frilled lizard

Illustrated notes

Levels and vault maps discovered:
D:1:      dpeg_arrival_caged_fury, layout_rooms, serial_bayou_pond_c

Action                   || total
-------------------------++-------
 Fire: Hunting sling     ||    13
 Cast: Slow              ||     2
Dodge: Dodged            ||     8

Table legend: (Time is in decaauts)
 A = Elapsed time spent in this place.
 B = Non-inter-level travel time spent in this place.
 C = Inter-level travel time spent in this place.
 D = Time resting spent in this place.
 E = Time spent auto-exploring this place.
 F = Levels seen in this place.
 G = Mean time per level.
                   A        B        C        D        E       F      G
               +--------+--------+--------+--------+--------+-----+--------+
         Total |     30 |     30 |      0 |      0 |      6 |   1 |   30.0 |
       Dungeon |     30 |     30 |      0 |      0 |      6 |   1 |   30.0 |
               +--------+--------+--------+--------+--------+-----+--------+

Top non-repeatable levels by time:
     D:1: 30 daAuts
